Description

Slightly adjusted PvT-BO from PiG for beginners. For me also usable for PvX

  • 2:40 Check: Adept secures Lowground Stalker secures Highground
  • 4:30 Check: 2 Observers watch incoming drops 1 Observer socuts enemy
  • Defensive Game at least until 7:00 min. First attack with at least 2 Colossus, some Archons and Zealots
  • Some units remain at 1st and 2nd Base on one hotkey while rest of army is on separate hotkey
  • If Observer get lost: Scout with patrolling with stalker at the edges
  • After minute 6: Place by and by 3 units on the map (Probes/ Zelots) for incoming forces
  • Optional: Build Pylons close to enemy bases to warp-in runby Chargelots to minerals
  • Harrass continously with chargelots after min 7:00 at extensions (from warp prism or pylons)
  • Follow-up after written BO - Phase 1: Blink/ Armor/ Archons/4th Base

Possible Follow ups after initial phase: - Phase 2: 2nd Forge, 2nd Robo, Dark Templar for Harrass/ Upgrades - Phase 3: Disruptors/ 3rd Robo/ 5th Base (mainly Archons/ Disruptors/ Stalker)/ Upgrades (also Robo Bay) – Harrass additionally with DTs!

VOD

https://www.youtube.com/watch?v=WOUnsHxU2pI

Build Order

Get SALT Encoding   

  14  0:17  Pylon  Highground - Reaper Block
  16  0:40  Gateway  Reaper Block
  17  0:47  Assimilator  
  20  1:25  Nexus  Cyber first if no barracks scouted
  20  1:34  Cybernetics Core  Reaper Block
  21  1:41  Assimilator  Timing for regular 2nd CC (Scout)
  22  1:51  Pylon  Wall - Lowground
  23  2:09  Adept  Chrono
  23  2:10  Warp Gate  
  26  2:32  Robotics Facility  in wall
  29  2:39  Stalker  
  34  3:00  Gateway  in wall
  35  3:07  Pylon  
  36  3:21  Gateway  
  38  3:24  Observer  
  39  3:31  Stalker  
  41  3:35  Observer  
  43  3:43  Pylon  
  43  3:45  Pylon  
  45  3:47  Assimilator  
  46  4:00  Pylon  
  48  4:12  Robotics Bay  
  56  4:25  Stalker x2  
  56  4:27  Adept  
  58  4:40  Nexus  3rd
  66  4:53  Colossus  
  66  5:06  Extended Thermal Lance  
  70  5:16  Sentry  
  75  5:25  Stalker x2  Probe is accompanied at least by Adept
  76  5:26  Shield Battery  @3rd
  78  5:30  Shield Battery  @1st
  78  5:33  Pylon  
  78  5:35  Pylon  
  80  5:42  Gateway x2  
  82  5:50  Colossus  
  84  5:59  Twilight Council  
  86  6:01  Forge  
  88  6:03  Assimilator  
  92  6:31  Assimilator  
  95  6:35  Stalker x3  
  96  6:42  Protoss Ground Armor Level 1  
  100  7:05  Pylon  
  100  7:07  Pylon  
  100  7:09  Pylon  
  98  6:44  Charge  
  101  7:20  Shield Battery  @2nd
  101  7:22  Pylon  
  103  7:25  Gateway  
  103  7:26  Gateway  
  103  7:27  Gateway  
  104  7:30  Warp Prism  
  111  7:35  Zealot x5  use zealots to scout (or harrass minerals)
  120  7:50  Templar Archives  
Spawning Tool Build Advisor. Get it on Overwolf

Analysis

  • 3 early Gateways allow fast reaction to pushes
  • Advantage because of good map vision due to 3 Observers
  • Stay calm in the early game, control the game with map vision and additional harrassment in the midgame
  • not a lot of micro needed. Neither Colossus nor Archons or Chargelots need micro (concentrate for micro on Disruptors [of course only in mid- to late-game if you add Disruptors])

Go to:

Details

  • Created by: Mhordwar
  • Published on: Dec 22, 2020
  • Modified on: Jan 01, 2021
  • Patch: 4.11.0
  • Difficulty: Medium
Show
View Real Time Build Order
Export as new Build Order

Comments (0)

There are no comments. Be the first!

Create an account to comment!